 Dungeon Crawl Stone Soup version 0.20.0-15-g7f486f2 (webtiles) character file.

8009 Klosterheim the Martial Artist (level 11, -5/94 HPs)
             Began as a Yellow Draconian Transmuter on June 11, 2017.
             Was a Believer of Sif Muna.
             Slain by a hornet zombie (6 damage)
             ... on level 10 of the Dungeon.
             The game lasted 00:25:28 (16347 turns).

Klosterheim the Martial Artist (DrTm)              Turns: 16347, Time: 00:25:29

Health: -5/94      AC:  9    Str: 21    XL:     11   Next: 4%
Magic:  17/20      EV: 12    Int: 17    God:    Sif Muna [**....]
Gold:   521        SH:  4    Dex: 18    Spells: 11/23 levels left

rFire    x . .     SeeInvis .     - Unarmed
rCold    + . .     Gourm    .   (no shield)
rNeg     + . .     Faith    .   (armour unavailable)
rPois    .         Spirit   .   (helmet restricted)
rElec    .         Reflect  +   P - +0 cloak
rCorr    +         Harm     .   (no gloves)
MR       .....                  E - +0 pair of boots
Stlth    +.........             u - +4 amulet of reflection
Regen    0.3/turn               F - +5 ring of strength
MPRegen  0.2/turn               n - ring of Udwirhioc {Ice rN+ Str+4 Dex+6 Stlth-}

@: divine energy
A: spit acid, acid resistance, unfitting armour, cold-blooded, AC +7
a: Breathe Acid, Stop Divine Energy, Renounce Religion


You were on level 10 of the Dungeon.
You worshipped Sif Muna.
Sif Muna was pleased with you.
You were not hungry.

You visited 2 branches of the dungeon, and saw 11 of its levels.
You also visited: Sewer.

You collected 708 gold pieces.
You spent 187 gold pieces at shops.

Inventory:

Missiles
 a - 160 arrows
Armour
 E - a +0 pair of boots (worn)
 M - +0 steam dragon scales
 P - a +0 cloak (worn)
Jewellery
 n - the ring of Udwirhioc (right hand) {Ice rN+ Str+4 Dex+6 Stlth-}
   (You found it on level 5 of the Dungeon)

   [ring of ice]

   It enhances your ice magic.
   It affects your strength (+4).
   It affects your dexterity (+6).
   It makes you vulnerable to fire.
   It protects you from cold.
   It protects you from negative energy.
   It makes you less stealthy.
 r - an uncursed ring of protection from fire
 u - a +4 amulet of reflection (around neck)
 y - an uncursed amulet of faith
 A - an uncursed ring of magical power
 B - an uncursed ring of positive energy
 F - a +5 ring of strength (left hand)
Wands
 o - a wand of enslavement (16/24)
 L - a wand of acid (14/15)
 O - a wand of flame (34/48)
 T - a wand of confusion (26/48)
Scrolls
 d - 3 scrolls of identify
 f - a scroll of recharging
 i - 5 scrolls of teleportation
 k - 2 scrolls of fear
 l - 4 scrolls of remove curse
 p - a scroll of enchant weapon
 q - 4 scrolls of blinking
 w - a scroll of enchant armour
 D - 2 scrolls of amnesia
 G - a scroll of acquirement {unknown}
 I - a scroll of silence {unknown}
 J - a scroll of fog {unknown}
 Q - a scroll of holy word {unknown}
Potions
 e - 4 potions of curing
 g - a potion of cancellation {unknown}
 h - 3 potions of flight
 j - a potion of magic {unknown}
 m - a potion of berserk rage {unknown}
 s - 3 potions of mutation
 t - 3 potions of lignification
 x - 4 potions of brilliance {unknown}
 z - a potion of heal wounds
 C - a potion of agility {unknown}
 H - a potion of might {unknown}
 K - a potion of degeneration {unknown}
 N - a potion of resistance {unknown}
Books
 b - a book of Changes

   Spells                             Type                      Level
   a - Beastly Appendage              Transmutation                1
   b - Sticks to Snakes               Transmutation                2
   c - Spider Form                    Transmutation/Poison         3
   d - Ice Form                       Ice/Transmutation            4
   e - Blade Hands                    Transmutation                5
 R - a book of Air

   Spells                             Type                      Level
   a - Shock                          Conjuration/Air              1
   b - Swiftness                      Charms/Air                   2
   c - Static Discharge               Conjuration/Air              3
   d - Airstrike                      Air                          4
   e - Lightning Bolt                 Conjuration/Air              5
Comestibles
 c - 10 bread rations
 v - 10 meat rations


   Skills:
 + Level 7.8 Fighting
 - Level 1.7 Dodging
 * Level 10.4 Unarmed Combat
 + Level 6.5 Spellcasting
 * Level 9.8 Transmutations
 - Level 2.0 Poison Magic


You had 11 spell levels left.
You knew the following spells:

 Your Spells              Type           Power        Failure   Level  Hunger
a - Ice Form              Ice/Tmut       ####....     16%         4    ####...
b - Spider Form           Tmut/Pois      ####......   3%          3    ##.....
c - Blade Hands           Tmut           #####.....   6%          5    #####..


Dungeon Overview and Level Annotations

Branches:
Dungeon (10/15)            Temple (1/1) D:7             Orc (0/2) D:9
   Lair: D:8-11

Altars:
Ashenzari
Cheibriados
Dithmenos
Elyvilon
Fedhas
Gozag
Kikubaaqudgha
Makhleb
Nemelex Xobeh
Okawaru
Qazlal
Ru
Sif Muna
Trog
Vehumet
Xom
Yredelemnul
Zin
The Shining One

Shops:
D:4 (?*}(   D:9 [


Innate Abilities, Weirdness & Mutations

You can spit globs of acid.
You are resistant to acid.
Your golden yellow scales are hard. (AC +7)
You cannot fit into any form of body armour.
You are cold-blooded and may be slowed by cold attacks.


Message History

Something hits you!
* * * LOW HITPOINT WARNING * * *
The hornet zombie hits you.
* * * LOW HITPOINT WARNING * * *
The hornet zombie hits you!
* * * LOW HITPOINT WARNING * * *
Okay, then.
You hit the hornet zombie.
The hornet zombie is heavily damaged.
Something hits you!
* * * LOW HITPOINT WARNING * * *
Something hits you.
* * * LOW HITPOINT WARNING * * *
The hornet zombie hits you.
* * * LOW HITPOINT WARNING * * *
As you read the scroll of fear, it crumbles to dust.
You assume a fearsome visage.
The hornet zombie is unaffected.
Your hands revert to their normal proportions.
The hornet zombie hits you.
You die...

#.....## ########..... .
.......# ............. ..
.......##............ ...
....................##....
.......................#..
..........................
..##...................#
##....#.<.##.###.Z.#...#
.........##..###@### .##
.)##....###.##...# #
.#..[##........###
.#..###.###..###
.[)###..##..##
.......[...## .........###
.......#.## .....#.#..###


You could see a hornet zombie.

Vanquished Creatures
  A two-headed ogre (D:8)
  2 trolls
  A hornet (D:9)
  A hippogriff (D:10)
  A spriggan (D:7)
  2 wraiths (D:9)
  3 yaks (D:10)
  A wyvern (D:9)
  A shadow (D:10)
  A steam dragon (D:8)
  A hungry ghost (D:8)
  2 water moccasins
  3 ice beasts
  5 orc warriors
  2 phantoms
  A black bear (D:7)
  A necrophage (D:9)
  2 centaurs
  6 ogres
  4 bullfrogs
  A wyvern zombie (D:10)
  A wyvern skeleton (D:10)
  5 scorpions
  4 jellies
  5 killer bees (D:7)
  8 wights (D:6)
  6 howler monkeys
  3 crimson imps
  7 hounds
  2 bullfrog skeletons (D:5)
  A centaur skeleton (D:9)
  3 human zombies (D:9)
  4 orc priests
  7 iguanas
  5 orc wizards
  5 worker ants
  A killer bee zombie (D:9)
  A hound zombie (D:8)
  6 mummies (D:9)
  A howler monkey zombie (D:5)
  2 worker ant zombies
  A howler monkey skeleton (D:4)
  14 adders
  3 gnolls
  A river rat (D:6)
  3 shadow imps
  7 oozes
  An adder skeleton (D:9)
  2 adder zombies
  A worm (D:2)
  24 leopard geckos
  51 orcs
  15 giant cockroaches
  10 goblins
  7 hobgoblins
  8 kobolds
  6 quokkas
  13 ball pythons (Sewer)
  2 bats
  16 frilled lizards
  A jackal skeleton (D:8)
  A leopard gecko skeleton (D:5)
  A leopard gecko zombie (D:5)
  A quokka zombie (D:6)
  10 rats
318 creatures vanquished.

Notes
Turn   | Place    | Note
-------+----------+-------------------------------------------
     0 | D:1      | Klosterheim the Draconian Transmuter began the quest for the Orb.
     0 | D:1      | Reached XP level 1. HP: 16/16 MP: 3/3
   443 | D:1      | Reached XP level 2. HP: 23/23 MP: 3/5
   766 | D:1      | You fall through a shaft!
   954 | D:2      | Reached XP level 3. HP: 28/29 MP: 4/6
  1224 | D:2      | Reached skill level 4 in Unarmed Combat
  1721 | D:3      | Reached XP level 4. HP: 23/36 MP: 5/7
  1891 | D:3      | Learned a level 3 spell: Spider Form
  3501 | D:4      | Found Cuosoxze's Antique Weapon Shoppe.
  3514 | D:4      | Reached XP level 5. HP: 26/44 MP: 1/8
  3854 | D:4      | Found a glowing silver altar of Zin.
  3883 | D:4      | Noticed an ogre
  3890 | D:4      | Killed an ogre
  3890 | D:4      | Reached skill level 1 in Poison Magic
  4055 | D:4      | Noticed an ogre
  4064 | D:4      | Killed an ogre
  4064 | D:4      | Reached skill level 5 in Unarmed Combat
  4064 | D:4      | Reached XP level 6. HP: 51/51 MP: 5/10
  4162 | D:4      | Found Cuxelej's Gadget Emporium.
  4202 | D:4      | Found Joavaawn's Weapon Shop.
  4870 | D:4      | Found Quca's Assorted Antiques.
  4875 | D:4      | Bought a scroll labeled VYUKHEO JUFRU for 28 gold pieces
  4902 | D:4      | Your scales start taking on a golden yellow colour.
  4902 | D:4      | Reached XP level 7. HP: 56/57 MP: 11/11
  4989 | D:4      | Found Oruomoik's Magic Scroll Shoppe.
  4994 | D:4      | Bought a scroll of identify for 24 gold pieces
  4994 | D:4      | Bought 2 scrolls of identify for 48 gold pieces
  4994 | D:4      | Bought a scroll of identify for 24 gold pieces
  5352 | D:5      | Entered Level 5 of the Dungeon
  5482 | D:5      | Got a pitted ivory ring
  5576 | D:5      | Identified the ring of Udwirhioc {Ice rN+ Str+4 Dex+6 Stlth-} (You found it on level 5 of the Dungeon)
  5752 | D:5      | Reached skill level 6 in Unarmed Combat
  6118 | D:5      | Reached skill level 5 in Transmutations
  6231 | D:5      | Learned a level 4 spell: Ice Form
  6672 | D:5      | Found a sacrificial altar of Ru.
  6797 | D:5      | Reached XP level 8. HP: 66/66 MP: 9/13
  7218 | D:6      | Reached skill level 7 in Unarmed Combat
  7462 | D:6      | Found an iron altar of Okawaru.
  7660 | D:6      | Found a glowing drain.
  7698 | Sewer    | Entered a sewer
  8131 | Sewer    | Reached skill level 5 in Fighting
  8152 | Sewer    | Reached XP level 9. HP: 50/74 MP: 11/15
  8511 | D:6      | Found a sparkling altar of Nemelex Xobeh.
  8960 | D:7      | Reached skill level 8 in Unarmed Combat
  9471 | D:7      | Found an opulent altar of Gozag.
  9611 | D:7      | Found a staircase to the Ecumenical Temple.
  9865 | Temple   | Entered the Ecumenical Temple
  9931 | Temple   | Became a worshipper of Sif Muna the Loreminder
 10560 | D:8      | Reached skill level 5 in Spellcasting
 10607 | D:8      | Noticed a troll
 10614 | D:8      | Killed a troll
 11383 | D:8      | Reached skill level 9 in Unarmed Combat
 11740 | D:8      | Reached XP level 10. HP: 77/84 MP: 15/18
 11903 | D:8      | Found a stormy altar of Qazlal.
 12017 | D:9      | Noticed a two-headed ogre
 12295 | D:8      | Killed a two-headed ogre
 12295 | D:8      | Reached * piety under Sif Muna
 12659 | D:9      | Paralysed by a hornet for 2 turns
 12851 | D:9      | Found a sparkling altar of Nemelex Xobeh.
 13559 | D:9      | Found a basalt altar of Yredelemnul.
 13916 | D:9      | Found Oterrech's Armour Boutique.
 13924 | D:9      | Bought a +0 cloak for 63 gold pieces
 14024 | D:9      | Reached skill level 10 in Unarmed Combat
 14511 | D:9      | Learned a level 5 spell: Blade Hands
 14531 | D:9      | Reached ** piety under Sif Muna
 15038 | D:9      | Found a staircase to the Orcish Mines.
 15113 | D:9      | Found a basalt altar of Yredelemnul.
 15266 | D:10     | Entered Level 10 of the Dungeon
 16037 | D:10     | Reached XP level 11. HP: 94/94 MP: 16/20
 16101 | D:10     | HP: 3/94 [something (6)]
 16346 | D:10     | HP: 1/94 [hornet zombie (5)]
 16347 | D:10     | Slain by a hornet zombie

Skill      XL: |  1  2  3  4  5  6  7  8  9 10 |
---------------+-------------------------------+-----
Fighting       | 2 3 4 5 6 7 |  7.8
Unarmed Combat | 4 5 6 7 9 10 | 10.4
Transmutations | 3 4 5 6 8 9 |  9.8
Poison Magic   | 1 2 |  2.0
Spellcasting   | 3 4 5 6 |  6.5
Dodging        | |  1.7

Action                   |  1- 3 |  4- 6 |  7- 9 | 10-12 || total
-------------------------+-------+-------+-------+-------++-------
Melee: Unarmed           |   108 |   209 |   579 |   288 ||  1184
       Headbutt          |     7 |     4 |       |       ||    11
       Tailslap          |     6 |    14 |    25 |    27 ||    72
       Kick              |     2 |    13 |       |       ||    15
       Punch             |     2 |     1 |     8 |     8 ||    19
 Cast: Beastly Appendage |    23 |    12 |       |       ||    35
       Spider Form       |       |    10 |    49 |    17 ||    76
       Ice Form          |       |       |     2 |     6 ||     8
       Blade Hands       |       |       |       |     2 ||     2
Invok: Divine Energy     |       |       |       |     1 ||     1
 Abil: Breathe Acid      |       |       |       |     1 ||     1
  Use: Scroll            |       |     5 |    15 |     2 ||    22
       Potion            |       |       |       |     4 ||     4
 Stab: Sleeping          |     1 |       |       |       ||     1
  Eat: Chunk             |     3 |    12 |    21 |     7 ||    43
       Royal jelly       |       |       |     1 |     1 ||     2
       Meat ration       |       |       |     1 |     2 ||     3
Armor: Skin              |    29 |    46 |    88 |    41 ||   204
Dodge: Dodged            |    63 |   114 |   456 |   162 ||   795
Block: Other             |       |       |   107 |    46 ||   153
       Reflection        |       |       |       |     4 ||     4
